 Dungeon Crawl Stone Soup version 0.20.0-15-g7f486f2 (webtiles) character file.

2360 anfisbena the Arsonist (level 9, -7/45 HPs)
             Began as a Gargoyle Fire Elementalist on June 25, 2017.
             Killed by divine providence
             ... invoked by an orc priest
              (15 damage)
             ... on level 5 of the Dungeon.
             The game lasted 00:08:22 (6518 turns).

anfisbena the Arsonist (Gargoyle Fire Elementalist) Turns: 6518, Time: 00:08:24

Health: -7/45      AC: 13    Str: 11    XL:     9   Next: 44%
Magic:  1/12       EV: 12    Int: 20    God:
Gold:   219        SH:  0    Dex: 15    Spells: 2/12 levels left

rFire    . . .     SeeInvis .   m - +2 trident (venom)
rCold    . . .     Gourm    +   (no shield)
rNeg     + . .     Faith    .   E - +0 leather armour
rPois    ∞         Spirit   .   C - +1 hat
rElec    +         Reflect  .   B - +0 cloak
rCorr    .         Harm     .   D - +1 pair of gloves
MR       +....                  j - +0 pair of boots
Stlth    ++........             l - amulet of the gourmand
Regen    0.2/turn               y - +5 ring of dexterity
MPRegen  0.2/turn               s - ring of protection from magic

@: no status effects
A: negative energy resistance 1, electricity resistance, unbreathing,
petrification resistance, rot immunity, AC +5
a: no special abilities


You were on level 5 of the Dungeon.
You were very full.

You visited 1 branch of the dungeon, and saw 6 of its levels.

You collected 219 gold pieces.

Inventory:

Hand Weapons
 m - a +2 trident of venom (weapon)
Armour
 j - a +0 pair of boots (worn)
 B - a +0 cloak (worn)
 C - a +1 hat (worn)
 D - a +1 pair of gloves (worn)
 E - a +0 leather armour (worn)
Jewellery
 i - an uncursed ring of protection from cold
 l - an amulet of the gourmand (around neck)
 s - a ring of protection from magic (right hand)
 y - a +5 ring of dexterity (left hand)
Scrolls
 a - 3 scrolls of fear {unknown}
 t - a scroll of teleportation {unknown}
 u - 4 scrolls of blinking
 x - a scroll of enchant weapon {unknown}
Potions
 d - a potion of mutation {unknown}
 e - a potion of degeneration {unknown}
 f - a potion of magic {unknown}
 g - a potion of flight {unknown}
 h - 5 potions of lignification
 n - 3 potions of brilliance {unknown}
 p - 2 potions of heal wounds {unknown}
 r - 2 potions of agility
 w - a potion of invisibility {unknown}
 z - a potion of curing {unknown}
 A - a potion of berserk rage
Books
 b - a book of Flames

   Spells                             Type                      Level
   a - Flame Tongue                   Conjuration/Fire             1
   b - Throw Flame                    Conjuration/Fire             2
   c - Conjure Flame                  Conjuration/Fire             3
   d - Inner Flame                    Hexes/Fire                   3
   e - Sticky Flame                   Conjuration/Fire             4
   f - Fireball                       Conjuration/Fire             5
 q - a book of Necromancy

   Spells                             Type                      Level
   a - Pain                           Necromancy                   1
   b - Animate Skeleton               Necromancy                   1
   c - Vampiric Draining              Necromancy                   3
   d - Regeneration                   Charms/Necromancy            3
   e - Animate Dead                   Necromancy                   4
   f - Control Undead                 Necromancy                   4
Comestibles
 c - 4 bread rations
 k - 3 chunks of flesh
 o - 4 meat rations
 v - 2 royal jellies


   Skills:
 - Level 1.5 Dodging
 - Level 2.1 Stealth
 - Level 2.0 Spellcasting
 + Level 7.8 Conjurations
 * Level 10.5 Fire Magic


You had 2 spell levels left.
You knew the following spells:

 Your Spells              Type           Power        Failure   Level  Hunger
a - Flame Tongue          Conj/Fire      #####        1%          1    #......
b - Throw Flame           Conj/Fire      #####.       1%          2    ##.....
c - Conjure Flame         Conj/Fire      #####...     1%          3    ###....
d - Sticky Flame          Conj/Fire      #####...     4%          4    #####..


Dungeon Overview and Level Annotations

Branches:
Dungeon (6/15)
 Temple: D:4-7

Altars:
Ashenzari
Qazlal
Ru


Innate Abilities, Weirdness & Mutations

You are resistant to torment.
Your stone body is resilient. (AC +5)
You are immune to poison.
You resist negative energy. (rN+)
You are resistant to electric shocks. (rElec)
You can survive without breathing.
You are immune to petrification.
You are immune to rotting.


Message History

The orc priest begins to cast a cantrip, but forgets the words!
The orc wizard hits you but does no damage.
The orc wizard hits you but does no damage.
The orc closely misses you. The orc barely misses you.
The orc priest calls down the wrath of Beogh upon you.
You easily resist.
You climb upwards.
There is a stone staircase leading down here.
You closely miss the orc wizard.
The orc wizard is almost dead.
The orc wizard casts a spell at you. The magic dart hits you!
The orc hits you but does no damage.
The orc wizard hits you but does no damage.
The orc priest hits you but does no damage.
You hit the orc wizard.
You kill the orc wizard!
The orc completely misses you.
The orc priest calls down the wrath of Beogh upon you.
Beogh smites you!
You die...

....#....[.###..#...#...# ##.....
...###......###....##...###..###.
...# #............###....##..# ##
...# ##..........## #.......##
...# ##..........###.......#
...## #..........#)...###..##
....## #.......)....#### ##..###
.....###..#######o### #....##
......#..## #@o# ##...<..
.........## #.)# #.......
......##..######..# #..#....
#....####...#.....## ##.###...
#...## ##.........## #..# ##..
#..## ##.#.......#####.## ##..
#.## ##.##........#....###... #.#
#..###.................. #.##
##.## ##....####.........


You could see an orc priest and an orc.

Vanquished Creatures
  Pikel (D:4)
  Grinder (D:5)
  Eustachio (D:4)
  Edmund (D:5)
  An ice beast (D:5)
  An ogre (D:5)
  2 centaurs (D:5)
  A bullfrog (D:6)
  A scorpion (D:3)
  3 killer bees (D:5)
  3 crimson imps (D:5)
  A centaur zombie (D:5)
  A bullfrog skeleton (D:5)
  2 orc priests
  A hound (D:4)
  5 orc wizards
  Jessica (D:3)
  An iguana (D:5)
  Terence (D:2)
  3 worker ants
  A hound skeleton (D:5)
  Robin (D:2)
  7 gnolls
  8 adders
  A shadow imp (D:5)
  An ooze (D:1)
  An adder zombie (D:5)
  2 worms (D:5)
  A dart slug (D:3)
  5 leopard geckos
  18 orcs
  3 giant cockroaches
  21 goblins
  15 hobgoblins
  3 jackals (D:1)
  2 quokkas
  A ball python (D:3)
  6 bats
  2 frilled lizards
  5 kobolds
  2 leopard gecko skeletons
  9 rats
147 creatures vanquished.

Vanquished Creatures (others)
  A phantom (D:4)
  A giant cockroach (D:4)
  A frilled lizard (D:4)
3 creatures vanquished.

Grand Total: 150 creatures vanquished

Notes
Turn   | Place    | Note
-------+----------+-------------------------------------------
     0 | D:1      | anfisbena the Gargoyle Fire Elementalist began the quest for the Orb.
     0 | D:1      | Reached XP level 1. HP: 10/10 MP: 3/3
   202 | D:1      | Reached XP level 2. HP: 4/15 MP: 0/5
   912 | D:2      | Noticed Robin
   912 | D:2      | Learned a level 2 spell: Throw Flame
   969 | D:2      | Reached XP level 3. HP: 19/19 MP: 4/6
  1205 | D:2      | Killed Robin
  1205 | D:2      | Reached skill level 4 in Fire Magic
  1451 | D:2      | Learned a level 3 spell: Conjure Flame
  1634 | D:2      | Found a sacrificial altar of Ru.
  1667 | D:2      | Reached XP level 4. HP: 23/24 MP: 7/7
  2139 | D:2      | Noticed Terence
  2148 | D:2      | Killed Terence
  2269 | D:3      | Found a shattered altar of Ashenzari.
  2292 | D:3      | Reached XP level 5. HP: 22/28 MP: 2/8
  2640 | D:3      | Reached skill level 5 in Fire Magic
  2687 | D:3      | Reached XP level 6. HP: 32/32 MP: 9/9
  3440 | D:3      | Noticed Jessica
  3445 | D:3      | Killed Jessica
  3445 | D:3      | Reached skill level 6 in Fire Magic
  3774 | D:4      | Noticed a slave
  3775 | D:4      | Noticed a phantom
  3777 | D:4      | Noticed Pikel
  3778 | D:4      | Noticed a slave
  3779 | D:4      | Noticed a slave
  3781 | D:4      | Noticed a slave
  3807 | D:4      | Killed Pikel
  3807 | D:4      | Reached skill level 5 in Conjurations
  3807 | D:4      | Reached skill level 7 in Fire Magic
  3807 | D:4      | Reached XP level 7. HP: 27/36 MP: 2/10
  3949 | D:4      | Noticed Eustachio
  3950 | D:4      | Found a stormy altar of Qazlal.
  3961 | D:4      | Killed Eustachio
  3961 | D:4      | Reached skill level 8 in Fire Magic
  3961 | D:4      | Reached XP level 8. HP: 39/41 MP: 1/11
  4272 | D:5      | Entered Level 5 of the Dungeon
  4287 | D:5      | Learned a level 4 spell: Sticky Flame
  4712 | D:5      | Reached skill level 9 in Fire Magic
  5204 | D:5      | Noticed Grinder
  5229 | D:5      | Killed Grinder
  5229 | D:5      | Reached XP level 9. HP: 14/45 MP: 0/12
  5663 | D:5      | Reached skill level 10 in Fire Magic
  6316 | D:5      | Noticed Edmund
  6333 | D:5      | Killed Edmund
  6518 | D:5      | Killed from afar by an orc priest

Skill      XL: |  1  2  3  4  5  6  7  8  9 |
---------------+----------------------------+-----
Conjurations   | 2 3 5 7 |  7.8
Fire Magic     | 4 5 7 8 9 10 | 10.5
Dodging        | |  1.5
Stealth        | |  2.1
Spellcasting   | |  2.0

Action                   |  1- 3 |  4- 6 |  7- 9 || total
-------------------------+-------+-------+-------++-------
Melee: Unarmed           |    28 |       |       ||    28
       Trident           |    20 |   108 |   156 ||   284
 Cast: Flame Tongue      |    52 |    41 |    72 ||   165
       Conjure Flame     |       |     1 |       ||     1
  Use: Scroll            |       |     4 |     2 ||     6
 Stab: Sleeping          |     2 |     4 |     2 ||     8
  Eat: Chunk             |     3 |    10 |    17 ||    30
Armor: Robe              |    28 |    40 |     2 ||    70
       Leather armour    |       |       |    91 ||    91
Dodge: Dodged            |    47 |   100 |   163 ||   310
